[Event "5th Shenzhen Longgang Masters 2024"]
[Site "Shengzhen"]
[Date "2024.03.06"]
[Round "6.4"]
[White "Giri, Anish"]
[Black "Ma, Qun"]
[Result "1/2-1/2"]
[ECO "C54"]
[WhiteElo "2749"]
[BlackElo "2651"]
[Annotator "TA"]
[PlyCount "66"]
[EventDate "2024.02.28"]
[EventType "tourn"]
[EventCountry "CHN"]
[SourceTitle "playchess.com"]
[Source "ChessBase"]
[SourceQuality "1"]
[TimeControl "40/5400+30:1800+30"]

1. e4 e5 2. Nf3 Nc6 3. Bc4 Bc5 4. O-O Nf6 5. d3 d6 6. c3 a6 7. a4 Ba7 8. Re1 O-O 9. h3 h6 10. Nbd2 Re8 11. Nf1 Be6 12. Bxe6 Rxe6 13. c4 Nd4 14. a5 Nd7 15. Ng3 Nxf3+ 16. Qxf3 Nc5 17. Qd1 Rf6 {[%emt 0:02:52][%cal Oc5d3] [#] aiming for ...Nxd3!} 18. Rf1 Ne6 19. b4 Kh7 20. Nf5 Nd4 21. Ne3 Qd7 22. Kh1 Rf8 {[%emt 0:06:03] The position is equal.} 23. Ra2 c6 24. Bd2 Ne6 25. Nf5 g6 26. Nxh6 Rxf2 27. Rxf2 Bxf2 28. Qg4 {[%emt 0:10:32] [#] And now Bg5 would win.} (28. Ng4 $5 Bh4 $8 29. Bh6 $11) 28... Bd4 29. Nf5 gxf5 30. Qxf5+ Kg7 {[%emt 0:02:54] Threatens to win with ...Qd8.} (30... Kh8 $5 31. Qh5+ $8 Kg8 32. Qg4+ Kh8 33. Qh5+ Kg8 (33... Kg7 34. Qg4+ Kh7 35. Qh5+ Kg8 36. Qg4+ Kh8 37. Qh4+ Kg8 38. Qg4+ $11) 34. Qg4+ Kh8 35. Qh4+ Kg8 36. Qg4+ $11) 31. Qg4+ Kh7 {[%emt 0:00:26] ...Qe7 would now be deadly.} 32. Qh5+ Kg8 {[%emt 0:00:18][%cal Of7f5] ...f5! is the strong threat.} 33. Qg4+ Kh7 {[%emt 0:00:06] A balanced but interesting game.   Weighted Error Value: White=0.06 (flawless) /Black=0.04 (flawless) .  Inaccurate:     	White=2     	Black=1      OK:         	White=10    	Black=11     Best:        	White=1     	Black=2} 1/2-1/2

[Event "5th Shenzhen Longgang Masters 2024"]
[Site "Shengzhen"]
[Date "2024.03.07"]
[Round "7.1"]
[White "Ma, Qun"]
[Black "Xu, Xiangyu"]
[Result "0-1"]
[ECO "B99"]
[WhiteElo "2651"]
[BlackElo "2623"]
[Annotator "TA"]
[PlyCount "94"]
[EventDate "2024.02.28"]
[EventType "tourn"]
[EventCountry "CHN"]
[SourceTitle "playchess.com"]
[Source "ChessBase"]
[SourceQuality "1"]
[TimeControl "40/5400+30:1800+30"]

1. e4 c5 2. Nf3 d6 3. d4 cxd4 4. Nxd4 Nf6 5. Nc3 a6 6. Bg5 e6 7. Qf3 Nbd7 8. O-O-O Qc7 9. Qg3 b5 10. Bd3 Be7 11. Rhe1 O-O $5 {[%emt 0:08:17][%mdl 4] Exploring less charted territory.} 12. f4 Nc5 $5 {[%emt 0:38:05][%mdl 4] An interesting side line. B99: Sicilian Najdorf: 6 Bg5 e6 7 f4 Be7 8 Qf3 Qc7 9 0-0-0 Nbd7.} 13. e5 dxe5 14. fxe5 Nh5 15. Qh4 Bxg5+ 16. Qxg5 g6 17. g4 f6 18. exf6 (18. Qe3 $18 Nxd3+ 19. Qxd3 (19. Rxd3 fxe5 20. gxh5 exd4 $18)) 18... Nxf6 19. Rf1 $146 (19. b4 $16 Nb7 20. Ne4 (20. Nxe6 $2 Bxe6 21. Nxb5 axb5 $19)) ({Predecessor:} 19. a3 Rb8 20. b4 Nxd3+ 21. Rxd3 Qxh2 22. Rf1 Kg7 23. Rdf3 h6 24. Qc5 Rb7 25. Rxf6 Rxf6 26. Rxf6 Kxf6 27. Qxc8 Rf7 28. Ne4+ Kg7 29. Nxe6+ Kh7 30. Nf6+ {1-0 Salov,S (2297)-Kantinti,S (2200) Olympiad-35 Bled 2002 (13.2)}) 19... Kg7 $1 $14 20. Qh4 Bd7 21. Be2 Qe5 $1 22. Bf3 Rae8 (22... Nd5 $1 $11) 23. g5 $16 Nd5 24. Bxd5 $2 (24. Nxe6+ Bxe6 25. Rfe1 (25. Bxd5 $2 Rxf1 26. Rxf1 Bxd5 $19) (25. Nxd5 $2 Bxd5 26. Rxd5 Rxf3 $19) 25... Qf4+ 26. Qxf4 Nxf4 $19) (24. Rfe1 $1 $16 Qf4+ 25. Qxf4 Nxf4 26. b4) 24... exd5 25. Rxf8 Rxf8 26. Nb3 Ne6 27. Nxd5 Qxg5+ 28. Qxg5 Nxg5 29. Nc5 Bc8 (29... Bg4 $5 30. Rg1 h5 $17) 30. b4 Rf2 31. Rd2 Rxd2 32. Kxd2 Nf3+ 33. Ke2 Nxh2 34. Ne7 (34. Nc7 $11) 34... Bg4+ $17 35. Kf2 h5 36. Nxa6 {[%emt 0:00:21] [#]} h4 (36... Be6 $1 $17 {[%cal Og7f6] Strongly threatening ...Kf6!} 37. Nc7 Ng4+ (37... Bxa2 38. Nxb5 Ng4+ 39. Kf3 $15) 38. Kg3 Bc4 (38... Bxa2 39. Nxb5 g5 40. Nc7 $15)) 37. Nc5 $2 {[%emt 0:01:08][%mdl 8192] [#]} (37. Nc6 $1 $11) 37... Bf3 $1 $19 38. Nc8 $2 (38. Nd7 Be4 39. Ke3 Bxc2 40. Ne5) 38... Bd5 $19 39. Nb6 Ng4+ ({Weaker is} 39... Bxa2 40. Kg2 $17) 40. Kg1 Bf3 41. Ne6+ Kf6 42. Nd4 Be4 43. Nd7+ Ke7 44. Nc5 Ba8 45. Ne2 h3 46. Ng3 h2+ 47. Kf1 Ne3+ 0-1

[Event "5th Shenzhen Longgang Masters 2024"]
[Site "Shengzhen"]
[Date "2024.03.07"]
[Round "7.2"]
[White "Yu, Yangyi"]
[Black "Giri, Anish"]
[Result "1/2-1/2"]
[ECO "A14"]
[WhiteElo "2720"]
[BlackElo "2749"]
[Annotator "TA"]
[PlyCount "54"]
[EventDate "2024.02.28"]
[EventType "tourn"]
[EventCountry "CHN"]
[SourceTitle "playchess.com"]
[Source "ChessBase"]
[SourceQuality "1"]
[TimeControl "40/5400+30:1800+30"]

1. c4 Nf6 2. g3 e6 3. Bg2 d5 4. Nf3 Be7 5. O-O O-O 6. d3 c5 7. Ne5 Qc7 8. f4 Rd8 9. Nc3 a6 {[%emt 0:01:48] Prevents Nb5.} 10. Qe1 b5 11. cxb5 axb5 12. Nxb5 Qb6 13. a4 Ba6 14. Bd2 {[%emt 0:04:30] [#] And now Ba5 would win.} Bxb5 15. axb5 Rxa1 16. Qxa1 {[%emt 0:00:12] Ba5 would now be deadly.} Qxb5 {[%emt 0:00:10] The position is equal.} 17. Qa7 Nc6 18. Nxc6 Qxc6 19. Ra1 (19. Qxe7 $2 {loses.} Rd7 $19) 19... Bf8 20. Qa6 Qd7 21. Bc3 Ng4 22. Bf3 {[%emt 0:03:35] This pair of bishops is nice.} Ne3 23. Qa4 Qe7 24. Qa7 Rd7 25. Qb8 Rd8 26. Qa7 Rd7 27. Qb8 Rd8 {[%emt 0:00:03] An uneventful encounter.   Weighted Error Value: White=0.04 (flawless) /Black=0.04 (flawless) .  Inaccurate:     	---       	Black=1      OK:         	White=12    	Black=7} 1/2-1/2

[Event "5th Shenzhen Longgang Masters 2024"]
[Site "Shengzhen"]
[Date "2024.03.07"]
[Round "7.3"]
[White "Artemiev, Vladislav"]
[Black "Bu, Xiangzhi"]
[Result "1/2-1/2"]
[ECO "D94"]
[WhiteElo "2711"]
[BlackElo "2671"]
[Annotator "TA"]
[PlyCount "60"]
[EventDate "2024.02.28"]
[EventType "tourn"]
[EventCountry "CHN"]
[SourceTitle "playchess.com"]
[Source "ChessBase"]
[SourceQuality "1"]
[TimeControl "40/5400+30:1800+30"]

1. c4 c6 2. Nf3 d5 3. e3 Nf6 4. Nc3 g6 5. d4 Bg7 6. Be2 O-O 7. O-O b6 8. a4 Bb7 9. cxd5 cxd5 10. Qb3 {[%emt 0:09:05] Weiß hat minimalen Vorteil.} a6 11. Ne5 Nc6 12. Nxc6 Bxc6 13. Bd2 Qd7 14. Rfc1 Rfb8 15. Be1 e6 16. f3 Ne8 17. Bg3 Nd6 18. Nd1 h5 19. Rc3 Bf8 {[%emt 0:08:34] Die Stellung ist ausgeglichen.} 20. Nf2 b5 21. Qc2 Rc8 {[%emt 0:00:42] Weiss sollte ...b4 verhindern.} 22. Bxd6 Bxd6 23. Rc1 Bb7 24. axb5 axb5 25. Nd3 b4 26. Rxc8+ Rxc8 27. Qd2 Rxc1+ 28. Qxc1 Ba6 29. Nc5 Bxc5 30. Bxa6 Bd6 {[%emt 0:00:02] Gewichteter Fehlerwert: Weiß=0.04 (makellos) /Schwarz=0.03 (makellos) .  Ungenau:       	Weiß=1     	---        OK:         	Weiß=14    	Schwarz=11} 1/2-1/2

[Event "5th Shenzhen Longgang Masters 2024"]
[Site "Shengzhen"]
[Date "2024.03.07"]
[Round "7.4"]
[White "Dubov, Daniil"]
[Black "Erigaisi Arjun"]
[Result "1/2-1/2"]
[ECO "D11"]
[WhiteElo "2708"]
[BlackElo "2738"]
[Annotator "TA"]
[PlyCount "61"]
[EventDate "2024.02.28"]
[EventType "tourn"]
[EventCountry "CHN"]
[SourceTitle "playchess.com"]
[Source "ChessBase"]
[SourceQuality "1"]
[TimeControl "40/5400+30:1800+30"]

1. d4 d5 2. c4 c6 3. Nf3 Nf6 4. Qb3 e6 5. g3 c5 6. cxd5 exd5 7. Bg2 c4 8. Qc2 {[%emt 0:01:21] The position is equal.} Nc6 9. O-O Be7 10. Nc3 O-O 11. Bg5 Be6 12. Rad1 h6 13. Bxf6 Bxf6 14. a3 Qb6 15. e3 Rad8 16. Nd2 Qa6 17. b3 cxb3 18. Qxb3 Na5 19. Qa2 Qd6 20. Rb1 a6 {[%emt 0:02:16] [#] Against Rb5} (20... b6 $14) 21. Nb3 $1 $16 Nxb3 22. Qxb3 Rd7 23. Na4 b5 24. Nc5 Rc7 25. a4 Rb8 26. Qd3 Bd7 27. Rfc1 Rbc8 28. axb5 {[%emt 0:00:37] White is more active.} Bxb5 29. Qd2 Be7 30. Qa2 Qf6 31. Qxd5 {[%emt 0:02:30] Weighted Error Value: White=0.03 (flawless) /Black=0.04 (flawless) .  Mistake:       	---       	Black=1      Inaccurate:     	White=2     	---        OK:         	White=10    	Black=9      Best:        	White=1     	---        Strong:       	White=1     	---} 1/2-1/2